 Dungeon Sprint DCSS version 0.29-a0-789-g7a8fcbc185 (webtiles) character file.

Game seed: 4514509762859513380

7868 mhtbhm the Imperceptible (level 11, -6/52 HPs)
             Began as a Spriggan Enchanter on July 2, 2022.
             Was an Initiate of Gozag.
             Killed by the air
             ... invoked by Gastronok
              (13 damage)
             ... in the Dungeon (Sprint IX: "|||||||||||||||||||||||||||||").
             The game lasted 00:03:53 (1968 turns).

mhtbhm the Imperceptible (Spriggan Enchanter)       Turns: 1968, Time: 00:03:54

Health: -6/52      AC:  3    Str:  7    XL:     11   Next: 2%
Magic:  30/30      EV: 26    Int: 17    God:    Gozag
Gold:   4045       SH:  0    Dex: 23    Spells: 28/39 levels left

rFire   . . .      SeeInvis +   a - +2 rapier (drain)
rCold   . . .      Faith    .   (no shield)
rNeg    . . .      Spirit   .   b - +0 robe
rPois   .          Reflect  .   (helmet restricted)
rElec   .          Harm     .   l - +0 cloak
rCorr   .          Rampage  .   (gloves unavailable)
Will    +....      NoTele   +   (boots unavailable)
Stlth   ++++++++..              (no amulet)
HPRegen 0.17/turn               m - +3 ring of strength
MPRegen 0.22/turn               n - +3 ring of dexterity

@: very quick
A: very small, no large weapons, unfitting armour, see invisible, speed 3
a: Renounce Religion, Potion Petition, Call Merchant, Bribe Branch


You were in the Dungeon.
You worshipped Gozag.
Gozag was most pleased with you.
You visited 1 branch You collected 4045 gold pieces.

Inventory:

Hand Weapons
 a - a +2 rapier of draining (weapon)
Armour
 b - a +0 robe (worn)
 l - a +0 cloak (worn)
Jewellery
 m - a +3 ring of strength (left hand)
 n - a +3 ring of dexterity (right hand)
Wands
 k - a wand of iceblast (10)
Scrolls
 i - 2 scrolls of blinking
 j - 2 scrolls of amnesia
 o - 2 scrolls of fog
 p - 2 scrolls of fear
 q - a scroll of vulnerability
Potions
 c - 3 potions of invisibility
 d - 6 potions of curing
 e - a potion of heal wounds
 f - 2 potions of haste
 g - 4 potions of magic
 h - 2 potions of berserk rage
 r - a potion of lignification


   Skills:
 + Level 3.6 Fighting
 + Level 8.6 Short Blades
 + Level 9.8 Dodging
 + Level 21.9 Stealth
 + Level 14.5 Spellcasting
 + Level 1.2 Conjurations
 + Level 14.7 Hexes
 + Level 8.3 Ice Magic


You had 28 spell levels left.
You knew the following spells:

 Your Spells              Type           Power      Damage    Failure   Level
a - Ensorcelled Hibernat  Hex/Ice        100%       N/A       1%          2
b - Confusing Touch       Hex            58%        N/A       1%          3
c - Tukima's Dance        Hex            58%        N/A       1%          3
d - Dazzling Flash        Conj/Hex       78%        N/A       1%          3

Your spell library contained the following spells:

 Spells                   Type           Power      Damage    Failure   Level
 Sandblast                Erth           24%        2d8       5%          1
 Passwall                 Tmut/Erth      10%        N/A       9%          2
 Stone Arrow              Conj/Erth      28%        3d8       12%         3


Dungeon Overview and Level Annotations

Branches:
Dungeon (1/1)

Altars:
Cheibriados
Dithmenos
Elyvilon
Fedhas
Gozag
Hepliaklqana
Kikubaaqudgha
Makhleb
Nemelex Xobeh
Okawaru
Qazlal
Ru
Sif Muna
Trog
Uskayaw
Vehumet
Wu Jian
Xom
Yredelemnul
Zin
The Shining One
Jiyva
Lugonu

Annotations:
D Gastronok


Innate Abilities, Weirdness & Mutations

You are very small and have problems with some larger weapons.
You are too small for most types of armour.
You have supernaturally acute eyesight. (SInv)
You cover ground extremely quickly. (Speed+++)


Message History

There is an open door here.
You now have 4045 gold pieces (gained 3).
You see here a +0 helmet.
You see here a +0 helmet.
HP restored.
You see here a +0 cloak.
You see here a +0 pair of boots.
As you open the door, it creaks loudly!
There is an open door here.
Gastronok the Ponderous comes into view.
Gastronok gurgles horribly!
You puncture Gastronok!
Gastronok is lightly wounded.
You puncture Gastronok! You drain Gastronok.
Gastronok is lightly wounded.
Gastronok bites you!!
You puncture Gastronok! You drain Gastronok.
Gastronok is moderately wounded.
You puncture Gastronok! You drain Gastronok.
Gastronok is heavily wounded.
You puncture Gastronok! You drain Gastronok.
Gastronok is heavily wounded.
Gastronok bites you!!
* * * LOW HITPOINT WARNING * * *
You are too injured to fight recklessly!
You are too injured to fight recklessly!
You are too injured to fight recklessly!
You are too injured to fight recklessly!
You are too injured to fight recklessly!
You are too injured to fight recklessly!
You are too injured to fight recklessly!
You are too injured to fight recklessly!
Unknown command.
Okay, then.
As you read the scroll of fog, it crumbles to dust.
The scroll dissolves into smoke.
Gastronok waves his eye-stalks in wide circles.
The air twists around and strikes you!
You die...
Your body crumbles into a pile of gold. $$$$$$$$$$$$$ $$$$$$$$$$$$

$ ▓▓▓▓▓▓▓▓▓▓▓▓▓▓▓▓▓▓▓▓▓▓▓▓▓
......w§@§§..............
▓▓▓▓▓▓▓▓▓▓▓▓▓▓▓▓▓▓▓▓▓▓▓▓▓▓▓▓▓▓▓▓▓
............'.........'.........'
▓▓▓▓▓▓▓▓▓▓▓▓▓▓▓▓▓▓▓▓▓▓▓▓▓▓▓▓▓▓▓▓▓
.................................
▓▓▓▓▓▓▓▓▓▓▓▓▓▓▓▓▓▓▓▓▓▓▓▓▓▓▓▓▓▓▓▓▓
)'...).'________________________'
▓▓▓▓▓▓▓▓▓▓▓▓▓▓▓▓▓▓▓▓▓▓▓▓▓▓▓▓▓▓▓▓▓


You could see Gastronok (drained).

Vanquished Creatures
  A hydra (D)
  2 centaur warriors (D)
  2 cyclopes (D)
  5 cane toads (D)
  A komodo dragon (D)
  2 tengu conjurers (D)
  6 polar bears (D)
  A dream sheep (D)
  3 yaks (D)
  2 basilisks (D)
  2 water moccasins (D)
  4 black bears (D)
  2 centaurs (D)
  A kobold brigand (D)
  2 bullfrogs (D)
  2 killer bees (D)
  An iguana (D)
  An adder (D)
  A shadow imp (D)
  A worm (D)
  An orc (D)
  A bat (D)
  A giant cockroach (D)
  A hobgoblin (D)
  A ball python (D)
  A goblin (D)
48 creatures vanquished.

Notes
Turn   | Place    | Note
-------+----------+-------------------------------------------
     0 | D        | mhtbhm the Spriggan Enchanter began the quest for the Orb.
     0 | D        | Reached XP level 1. HP: 9/9 MP: 5/5
    12 | D        | Reached skill level 5 in Stealth
   276 | D        | Noticed an iguana
   279 | D        | Reached skill level 6 in Stealth
   279 | D        | Reached XP level 2. HP: 13/13 MP: 7/7
   281 | D        | Reached skill level 7 in Stealth
   281 | D        | Reached skill level 5 in Hexes
   281 | D        | Reached XP level 3. HP: 16/16 MP: 9/9
   283 | D        | Reached skill level 8 in Stealth
   288 | D        | Found a snail-covered altar of Cheibriados.
   288 | D        | Found a shadowy altar of Dithmenos.
   288 | D        | Found a white marble altar of Elyvilon.
   288 | D        | Found a blossoming altar of Fedhas.
   288 | D        | Found an opulent altar of Gozag.
   289 | D        | Found a hazy altar of Hepliaklqana.
   290 | D        | Found a viscous altar of Jiyva.
   291 | D        | Found an ancient bone altar of Kikubaaqudgha.
   292 | D        | Found a corrupted altar of Lugonu.
   293 | D        | Found a burning altar of Makhleb.
   294 | D        | Found a sparkling altar of Nemelex Xobeh.
   295 | D        | Found an iron altar of Okawaru.
   296 | D        | Became a worshipper of Gozag Ym Sagoz the Greedy
   297 | D        | Found a stormy altar of Qazlal.
   298 | D        | Found a sacrificial altar of Ru.
   299 | D        | Found a shimmering blue altar of Sif Muna.
   300 | D        | Found a bloodstained altar of Trog.
   301 | D        | Found a hide-covered altar of Uskayaw.
   302 | D        | Found a radiant altar of Vehumet.
   303 | D        | Found an ornate altar of the Wu Jian Council.
   304 | D        | Found a shimmering altar of Xom.
   305 | D        | Found a basalt altar of Yredelemnul.
   306 | D        | Found a glowing silver altar of Zin.
   307 | D        | Found a glowing golden altar of the Shining One.
   342 | D        | Noticed a killer bee
   342 | D        | Noticed a kobold brigand
   342 | D        | Noticed a killer bee
   342 | D        | Noticed a yak
   342 | D        | Noticed a centaur
   342 | D        | Noticed a centaur
   355 | D        | Killed a killer bee
   356 | D        | Reached skill level 5 in Dodging
   356 | D        | Reached skill level 9 in Stealth
   356 | D        | Reached XP level 4. HP: 19/21 MP: 9/11
   407 | D        | Learned a level 2 spell: Ensorcelled Hibernation
   411 | D        | Learned a level 3 spell: Confusing Touch
   415 | D        | Learned a level 3 spell: Tukima's Dance
   419 | D        | Learned a level 3 spell: Dazzling Flash
   430 | D        | HP: 1/21 [kobold brigand/+0 dagger (5)]
   439 | D        | Killed a kobold brigand
   440 | D        | Reached skill level 11 in Stealth
   440 | D        | Reached skill level 5 in Spellcasting
   440 | D        | Reached XP level 5. HP: 19/24 MP: 2/13
   647 | D        | Reached skill level 12 in Stealth
   647 | D        | Reached skill level 1 in Ice Magic
   815 | D        | Killed a yak
   816 | D        | Reached skill level 13 in Stealth
   816 | D        | Reached XP level 6. HP: 29/29 MP: 13/16
   818 | D        | Reached skill level 14 in Stealth
   823 | D        | Reached skill level 1 in Fighting
  1050 | D        | Noticed a tengu conjurer
  1050 | D        | Noticed a tengu conjurer
  1050 | D        | Noticed a centaur warrior
  1050 | D        | Noticed a centaur warrior
  1050 | D        | Noticed a cyclops
  1050 | D        | Noticed a cyclops
  1053 | D        | Killed a tengu conjurer
  1054 | D        | Reached skill level 15 in Stealth
  1054 | D        | Reached skill level 10 in Hexes
  1054 | D        | Reached XP level 7. HP: 33/33 MP: 13/19
  1055 | D        | Killed a tengu conjurer
  1059 | D        | Killed a centaur warrior
  1060 | D        | Reached skill level 5 in Short Blades
  1060 | D        | Reached skill level 16 in Stealth
  1060 | D        | Reached XP level 8. HP: 39/39 MP: 7/22
  1062 | D        | Killed a centaur warrior
  1063 | D        | Reached skill level 17 in Stealth
  1063 | D        | Reached skill level 10 in Spellcasting
  1063 | D        | Reached skill level 5 in Ice Magic
  1063 | D        | Reached XP level 9. HP: 43/43 MP: 5/24
  1066 | D        | Killed a cyclops
  1067 | D        | Reached skill level 18 in Stealth
  1067 | D        | Reached skill level 1 in Conjurations
  1257 | D        | Killed a cyclops
  1396 | D        | Noticed a cane toad
  1396 | D        | Noticed a cane toad
  1396 | D        | Noticed a polar bear
  1396 | D        | Noticed a four-headed hydra
  1398 | D        | Killed a cane toad
  1401 | D        | Noticed a komodo dragon
  1403 | D        | Killed a cane toad
  1404 | D        | Reached skill level 19 in Stealth
  1440 | D        | Killed a four-headed hydra
  1441 | D        | Reached XP level 10. HP: 41/48 MP: 5/27
  1448 | D        | Reached skill level 20 in Stealth
  1653 | D        | Noticed a cane toad
  1656 | D        | Noticed a cane toad
  1661 | D        | Noticed a cane toad
  1666 | D        | Killed a cane toad
  1673 | D        | Killed a cane toad
  1676 | D        | Killed a cane toad
  1677 | D        | Reached skill level 21 in Stealth
  1793 | D        | Reached XP level 11. HP: 33/52 MP: 16/30
  1956 | D        | Noticed Gastronok
  1968 | D        | Killed from afar by Gastronok

Illustrated notes

Levels and vault maps discovered:
D:        linesprint [early_d, line_temple, items_1, d_10, items_2, lair_1,
          lair_end, items_3, orc_1, orc_end, items_4, d_15, swamp_1, shoals_1,
          snake_1, spider_1, d_20, vaults_1, items_5, swamp_end, shoals_end,
          snake_end, spider_end, vaults_end, d_27, items_6, zot_1, zot_end,
          crypt_end, forest_end, elf_end, slime_end, tomb_end, abyss_end,
          pan_hell_end]

Skill      XL: |  1  2  3  4  5  6  7  8  9 10 |
---------------+-------------------------------+-----
Hexes          | 4 5 6 7 8 10 11 12 13 14 | 14.7
Stealth        | 6 7 9 11 13 15 16 17 19 21 | 21.9
Spellcasting   | 3 4 5 6 8 9 10 12 14 | 14.5
Dodging        | 3 4 5 6 7 8 9 |  9.8
Ice Magic      | 2 3 4 5 7 8 |  8.3
Short Blades   | 2 3 5 6 8 |  8.6
Fighting       | 1 2 3 |  3.6
Conjurations   | 1 |  1.2

Action                   |  1- 3 |  4- 6 |  7- 9 | 10-12 || total
-------------------------+-------+-------+-------+-------++-------
Melee: Dagger            |    23 |       |       |       ||    23
       Rapier            |    10 |    19 |     9 |    50 ||    88
 Cast: Ensorcelled Hiber |       |    13 |    20 |    16 ||    49
       Confusing Touch   |       |     2 |       |     6 ||     8
       Dazzling Flash    |       |       |     1 |       ||     1
  Use: Potion            |     3 |     2 |       |       ||     5
       Scroll            |       |       |       |     1 ||     1
 Stab: Sleeping          |     7 |     4 |     8 |    13 ||    32
       Confused          |       |     2 |       |     6 ||     8
       Distracted        |       |       |     1 |     1 ||     2
Armor: Robe              |     6 |     5 |       |     4 ||    15
Dodge: Dodged            |    34 |    36 |     3 |    35 ||   108

Table legend: (Time is in decaauts)
 A = Elapsed time spent in this place.
 B = Non-inter-level travel time spent in this place.
 C = Inter-level travel time spent in this place.
 D = Time resting spent in this place.
 E = Time spent auto-exploring this place.
 F = Levels seen in this place.
 G = Mean time per level.
                   A        B        C        D        E       F      G
               +--------+--------+--------+--------+--------+-----+--------+
         Total |   1746 |   1746 |      0 |   1081 |    217 |   1 | 1746.0 |
       Dungeon |   1746 |   1746 |      0 |   1081 |    217 |   1 | 1746.0 |
               +--------+--------+--------+--------+--------+-----+--------+

Top non-repeatable levels by time:
       D: 1746 daAuts
